 Dungeon Crawl Stone Soup version 0.18-a0-1273-g8ec5f8e (webtiles) character file.

112 namelastname112 the Shooter (level 4, -2/38 HPs)
             Began as a Draconian Hunter on Feb 7, 2016.
             Was an Initiate of Gozag.
             Slain by an orc priest
             ... wielding a +0 club
              (4 damage)
             ... on level 4 of the Dungeon.
             The game lasted 00:03:42 (2056 turns).

namelastname112 the Shooter (Draconian Hunter)      Turns: 2056, Time: 00:03:42

Health: -2/38      AC:  5    Str: 15    XL:     4   Next: 63%
Magic:  4/4        EV: 12    Int: 11    God:    Gozag
Gold:   152        SH:  0    Dex: 12    Spells: 0 memorised, 3 levels left

rFire  . . .     SeeInvis .     b - +1 dagger (drain)
rCold  . . .     Gourm    .     (armour unavailable)
rNeg   . . .     Faith    .     (no shield)
rPois  .         Spirit   .     (helmet restricted)
rElec  .         Dismiss  .     (no cloak)
rCorr  .         Reflect  .     (no gloves)
SustAt .         Harm     .     (no boots)
MR     .....                    i - amulet of inaccuracy (curse)
Stlth  +.........               (no ring)
                                (no ring)

@: very slightly contaminated, invisible, not resistant to hostile enchantments,
very unstealthy
A: unfitting armour, cold-blooded, AC +5
a: Potion Petition, Call Merchant, Bribe Branch, Renounce Religion


You were on level 4 of the Dungeon.
You worshipped Gozag.
Gozag was noncommittal.
You were not hungry.

You visited 1 branch of the dungeon, and saw 4 of its levels.

You collected 211 gold pieces.
You paid 59 gold pieces to Gozag.

Inventory:

Hand Weapons
 a - a +2 shortbow
 b - a +1 dagger of draining (weapon)
 e - a +0 short sword
Missiles
 c - 22 arrows
 f - a throwing net (quivered)
Jewellery
 g - an uncursed amulet of rage
 i - a cursed amulet of inaccuracy (around neck)
Scrolls
 h - a scroll of remove curse {unknown}
 n - a scroll of random uselessness {unknown}
 o - a scroll of blinking {unknown}
 p - a scroll of identify {unknown}
Potions
 j - a potion of curing {unknown}
 k - a potion of mutation {unknown}
 l - a potion of brilliance {unknown}
 m - a potion of invisibility
Comestibles
 d - a bread ration


   Skills:
 + Level 3.3 Fighting
 * Level 4.5 Bows
 + Level 2.7 Dodging
 - Level 0.8 Stealth


You had 3 spell levels left.
You didn't know any spells.

Dungeon Overview and Level Annotations

Branches:
Dungeon (4/15)
 Temple: D:4-7

Altars:
Gozag
Makhleb
Okawaru
The Shining One


Innate Abilities, Weirdness & Mutations

Your plain brown scales are hard (AC +5).
Your body does not fit into most forms of armour.
You are cold-blooded and may be slowed by cold attacks.


Message History

The orc priest hits you with a club.
* * * LOW HITPOINT WARNING * * *
The orc misses you.
You barely miss the orc priest.
The orc priest is severely wounded.
The orc priest hits you but does no damage.
The orc hits you with a hand axe.
* * * LOW HITPOINT WARNING * * *
Drink which item? (? for menu, Esc to quit)
It was a potion of invisibility.
You fade into invisibility!
The orc priest closely misses you. The orc hits you with a hand axe.
* * * LOW HITPOINT WARNING * * *
You are very lightly contaminated with residual magic.
You hit the orc priest but do no damage.
You drain the orc priest!
The orc priest is severely wounded.
The orc priest hits you with a club.
You die...
Your body crumbles into a pile of gold.

#......#
....... #
.....# #.
....# #..
...# .#
#..#..###..##
#..o........
#@.......
#o###..## ...
##... .....
#.....
..##... #.#
....


You could see an orc priest and an orc.

Vanquished Creatures
  5 adders (D:2)
  An ooze (D:2)
  A giant gecko (D:2)
  An orc (D:3)
  8 bats
  A giant cockroach (D:2)
  5 goblins
  8 hobgoblins
  8 jackals (D:3)
  3 quokkas (D:2)
  6 giant newts
  3 kobolds (D:1)
  8 rats
58 creatures vanquished.

Notes
Turn   | Place    | Note
--------------------------------------------------------------
     0 | D:1      | namelastname112 the Draconian Hunter began the quest for the Orb.
     0 | D:1      | Reached XP level 1. HP: 17/17 MP: 1/1
   116 | D:1      | Reached XP level 2. HP: 20/25 MP: 2/2
   503 | D:1      | Reached skill level 4 in Bows
   710 | D:2      | Reached XP level 3. HP: 27/30 MP: 3/3
  1184 | D:2      | Reached XP level 4. HP: 38/38 MP: 4/4
  1234 | D:2      | Found a burning altar of Makhleb.
  1334 | D:2      | Found an iron altar of Okawaru.
  1786 | D:3      | Found an opulent altar of Gozag.
  1841 | D:3      | Became a worshipper of Gozag Ym Sagoz the Greedy
  1889 | D:3      | Found a glowing golden altar of the Shining One.
  2056 | D:4      | Slain by an orc priest

Vault maps used:
D:1:      mrwooster_arrival_statue
D:2:      lemuel_doored_altar, nicolae_overflow_crystal_walls, minmay_bisected
D:3:      old_standard_altar, grunt_gozag_statues
D:4:      mumra_celtic_spiral_tile, first_bread

Action                   |  1- 3 |  4- 6 || total
-------------------------+-------+-------++-------
Melee: Short sword       |     8 |       ||     8
       Dagger            |   115 |    97 ||   212
 Fire: Shortbow          |     3 |     7 ||    10
  Use: Scroll            |     2 |       ||     2
       Potion            |       |     1 ||     1
 Stab: Sleeping          |     2 |     1 ||     3
  Eat: Chunk             |       |     3 ||     3
       Fruit             |       |     2 ||     2
